| TOP OF THE 1ST |
|
University of Florida Gators batting - Pitching for University of Miami Hurricanes : RHP Raymilson La Arena
|
|
Pitching: RHP Raymilson La Arena
|
|
|
Batting: LHB Terry Bayer
|
0-0: Called Strike 0-1: Fly out, F7 (Flyball, 7, EV 90.6 MPH)
|
|
Batting: RHB Marco Morales
|
0-0: Ball 1-0: Swinging Strike 1-1: Ball 2-1: Called Strike 2-2: Strikes out swinging
|
|
Batting: RHB Ben Bailey
|
0-0: Ball 1-0: Swinging Strike 1-1: Foul Ball, location: 2F 1-2: Ball 2-2: Strikes out looking
|
| Top of the 1st over - 0 runs, 0 hits, 0 errors, 0 left on base; University of Florida 0 - University of Miami 0 |
| BOTTOM OF THE 1ST |
|
University of Miami Hurricanes batting - Pitching for University of Florida Gators : LHP Michel Loiseau
|
|
Pitching: LHP Michel Loiseau
|
|
|
Batting: RHB Tu Vo
|
0-0: Called Strike 0-1: Swinging Strike 0-2: Ball 1-2: Strikes out looking
|
|
Batting: RHB C.J. Fleet
|
0-0: Called Strike 0-1: Called Strike 0-2: Ground out 4-3 (Groundball, 4S, EV 82.5 MPH)
|
|
Batting: RHB Burke Miller
|
0-0: Ball 1-0: Swinging Strike 1-1: SINGLE (Line Drive, 9S, EV 92.5 MPH)
|
|
Batting: RHB Chris Zubia
|
0-0: Ball Burke Miller is caught stealing 2nd base 2-4
|
| Bottom of the 1st over - 0 runs, 1 hit, 0 errors, 0 left on base; University of Florida 0 - University of Miami 0 |
| TOP OF THE 2ND |
|
University of Florida Gators batting - Pitching for University of Miami Hurricanes : RHP Raymilson La Arena
|
|
Batting: SHB Pat Justice
|
0-0: Ball 1-0: Called Strike 1-1: Foul Ball, location: 2F 1-2: Foul Ball, location: 2F 1-2: Strikes out swinging
|
|
Batting: RHB Lião Weishampt
|
0-0: Ball 1-0: Called Strike 1-1: Reached via error on a dropped throw from 1B, E1 (Groundball, 34, EV 83.8 MPH)
|
|
Batting: RHB Elliott Pye
|
0-0: Ball 1-0: Foul Ball, location: 2F 1-1: Fielders Choice at 2nd, 4-6 (Groundball, 4, EV 85.0 MPH)
|
|
Batting: RHB Gong-sun Law
|
0-0: Foul Ball, location: 2F 0-1: Foul Ball, location: 2F 0-2: Strikes out looking
|
| Top of the 2nd over - 0 runs, 0 hits, 1 error, 1 left on base; University of Florida 0 - University of Miami 0 |
| BOTTOM OF THE 2ND |
|
University of Miami Hurricanes batting - Pitching for University of Florida Gators : LHP Michel Loiseau
|
|
Batting: RHB Chris Zubia
|
0-0: Fly out, F2 (Popup, 2LF, EV 82.5 MPH)
|
|
Batting: SHB Taylor Shelton
|
0-0: Called Strike 0-1: Ball 1-1: Foul Ball, location: 2F 1-2: Ball 2-2: Ball 3-2: Fly out, F8 (Flyball, 8RD, EV 91.2 MPH)
|
|
Batting: RHB Sam Costello
|
0-0: Called Strike 0-1: Ball 1-1: Ground out 4-3 (Groundball, 4, EV 91.2 MPH)
|
| Bottom of the 2nd over - 0 runs, 0 hits, 0 errors, 0 left on base; University of Florida 0 - University of Miami 0 |
| TOP OF THE 3RD |
|
University of Florida Gators batting - Pitching for University of Miami Hurricanes : RHP Raymilson La Arena
|
|
Batting: RHB Juan Lopez
|
0-0: Ball 1-0: Foul Ball, location: 2F 1-1: Foul Ball, location: 2F 1-2: Strikes out swinging
|
|
Batting: SHB Nathan Clement
|
0-0: Foul Ball, location: 2F 0-1: Foul Ball, location: 2F 0-2: Foul Ball, location: 2F 0-2: Ball 1-2: Fly out, F7 (Flyball, 7D, EV 84.4 MPH)
|
|
Batting: LHB Terry Bayer
|
0-0: Ground out 4-3 (Groundball, 4, EV 82.5 MPH)
|
| Top of the 3rd over - 0 runs, 0 hits, 0 errors, 0 left on base; University of Florida 0 - University of Miami 0 |
| BOTTOM OF THE 3RD |
|
University of Miami Hurricanes batting - Pitching for University of Florida Gators : LHP Michel Loiseau
|
|
Batting: RHB Drew Morgenstern
|
0-0: Ground out 6-3 (Groundball, 6MD, EV 78.8 MPH)
|
|
Batting: LHB Jose Lopez
|
0-0: Ball 1-0: Ball 2-0: Foul Ball, location: 2F 2-1: Called Strike 2-2: Strikes out looking
|
|
Batting: RHB Justin Jackson
|
0-0: Foul Ball, location: 2F 0-1: Ball 1-1: Foul Ball, location: 2F 1-2: Ball 2-2: Ball 3-2: Foul Ball, location: 2F 3-2: DOUBLE (Line Drive, 89D, EV 106.2 MPH)
|
|
Batting: RHB Tu Vo
|
0-0: Ball 1-0: Foul Ball, location: 2F 1-1: Foul Ball, location: 2F 1-2: Ball 2-2: Ground out 4-3 (Groundball, 4MS, EV 90.6 MPH)
|
| Bottom of the 3rd over - 0 runs, 1 hit, 0 errors, 1 left on base; University of Florida 0 - University of Miami 0 |
| TOP OF THE 4TH |
|
University of Florida Gators batting - Pitching for University of Miami Hurricanes : RHP Raymilson La Arena
|
|
Batting: RHB Marco Morales
|
0-0: Ball 1-0: Ball 2-0: Fly out, F5 (Popup, 56S, EV 76.9 MPH)
|
|
Batting: RHB Ben Bailey
|
0-0: Ball 1-0: Ground out 6-3 (Groundball, 6, EV 83.8 MPH)
|
|
Batting: SHB Pat Justice
|
0-0: Ground out 6-3 (Groundball, 6, EV 83.1 MPH)
|
| Top of the 4th over - 0 runs, 0 hits, 0 errors, 0 left on base; University of Florida 0 - University of Miami 0 |
| BOTTOM OF THE 4TH |
|
University of Miami Hurricanes batting - Pitching for University of Florida Gators : LHP Michel Loiseau
|
|
Batting: RHB C.J. Fleet
|
0-0: Foul Ball, location: 2F 0-1: Ball 1-1: Fly out, F9 (Flyball, 9D, EV 107.5 MPH)
|
|
Batting: RHB Burke Miller
|
0-0: Ball 1-0: Ball 2-0: Ball 3-0: Called Strike 3-1: Base on Balls
|
|
Batting: RHB Chris Zubia
|
0-0: Ball 1-0: Called Strike 1-1: Called Strike 1-2: Ball 2-2: Ball 3-2: Foul Ball, location: 2F 3-2: Fly out, F8 (Flyball, 8RD, EV 103.1 MPH)
|
|
Batting: SHB Taylor Shelton
|
0-0: Called Strike 0-1: Ball 1-1: Ground out 4-3 (Groundball, 4, EV 84.4 MPH)
|
| Bottom of the 4th over - 0 runs, 0 hits, 0 errors, 1 left on base; University of Florida 0 - University of Miami 0 |
| TOP OF THE 5TH |
|
University of Florida Gators batting - Pitching for University of Miami Hurricanes : RHP Raymilson La Arena
|
|
Batting: RHB Lião Weishampt
|
0-0: Ball 1-0: Swinging Strike 1-1: Swinging Strike 1-2: Strikes out swinging
|
|
Batting: RHB Elliott Pye
|
0-0: Ball 1-0: Ball 2-0: SINGLE (Line Drive, 3D, EV 99.4 MPH)
|
|
Batting: RHB Gong-sun Law
|
0-0: Ball 1-0: Swinging Strike 1-1: Called Strike 1-2: Foul Ball, location: 2F 1-2: Strikes out looking
|
|
Batting: RHB Juan Lopez
|
0-0: Ball 1-0: Ball 2-0: Ball 3-0: Called Strike 3-1: Ground out U3 (Groundball, 3, EV 92.5 MPH)
|
| Top of the 5th over - 0 runs, 1 hit, 0 errors, 1 left on base; University of Florida 0 - University of Miami 0 |
| BOTTOM OF THE 5TH |
|
University of Miami Hurricanes batting - Pitching for University of Florida Gators : LHP Michel Loiseau
|
|
Batting: RHB Sam Costello
|
0-0: Ball 1-0: Swinging Strike 1-1: Ball 2-1: Ball 3-1: Base on Balls
|
|
Batting: RHB Drew Morgenstern
|
0-0: Called Strike 0-1: Called Strike 0-2: Strikes out swinging
|
|
Batting: LHB Jose Lopez
|
0-0: Foul Ball, location: 2F 0-1: Foul Ball, location: 2F 0-2: Fielders Choice at 2nd, 1-6 (Groundball, 23, EV 65.0 MPH)
|
|
Batting: RHB Justin Jackson
|
0-0: Ball 1-0: Swinging Strike 1-1: Foul Ball, location: 2F 1-2: Strikes out looking
|
| Bottom of the 5th over - 0 runs, 0 hits, 0 errors, 1 left on base; University of Florida 0 - University of Miami 0 |
| TOP OF THE 6TH |
|
University of Florida Gators batting - Pitching for University of Miami Hurricanes : RHP Raymilson La Arena
|
|
Batting: SHB Nathan Clement
|
0-0: Ball 1-0: SINGLE (Groundball, 34D, EV 93.8 MPH)
|
|
Batting: LHB Terry Bayer
|
0-0: Swinging Strike 0-1: Swinging Strike 0-2: Ball 1-2: Foul Ball, location: 2F 1-2: Strikes out swinging
|
|
Batting: RHB Marco Morales
|
0-0: Ball 1-0: Called Strike 1-1: Called Strike 1-2: Foul Ball, location: 2F 1-2: Strikes out swinging
|
|
Batting: RHB Ben Bailey
|
0-0: Swinging Strike 0-1: Foul Ball, location: 2F 0-2: Strikes out looking
|
| Top of the 6th over - 0 runs, 1 hit, 0 errors, 1 left on base; University of Florida 0 - University of Miami 0 |
| BOTTOM OF THE 6TH |
|
University of Miami Hurricanes batting - Pitching for University of Florida Gators : LHP Michel Loiseau
|
|
Batting: RHB Tu Vo
|
0-0: Ball 1-0: Ball 2-0: Ball 3-0: Foul Ball, location: 2F 3-1: Called Strike 3-2: Strikes out swinging
|
|
Pitching: RHP Justin Alvarado
|
|
|
Batting: RHB C.J. Fleet
|
0-0: Reached on error, E6 (Groundball, 6M, EV 95.6 MPH)
|
|
Batting: RHB Burke Miller
|
0-0: Called Strike 0-1: Fly out, F8 (Flyball, 8LXD, EV 108.8 MPH)
|
|
Batting: RHB Chris Zubia
|
0-0: Fly out, F9 (Flyball, 9, EV 83.1 MPH)
|
| Bottom of the 6th over - 0 runs, 0 hits, 1 error, 1 left on base; University of Florida 0 - University of Miami 0 |
| TOP OF THE 7TH |
|
University of Florida Gators batting - Pitching for University of Miami Hurricanes : RHP Raymilson La Arena
|
|
Batting: SHB Pat Justice
|
0-0: Ball 1-0: Called Strike 1-1: Ball 2-1: Swinging Strike 2-2: Foul Ball, location: 2F 2-2: Foul Ball, location: 2F 2-2: Strikes out swinging
|
|
Pitching: RHP Wakina Olopoto
|
|
|
Batting: RHB Lião Weishampt
|
0-0: Ball 1-0: Ball 2-0: Called Strike 2-1: Foul Ball, location: 2F 2-2: Foul Ball, location: 2F 2-2: Ball 3-2: SINGLE (Line Drive, 8RS, EV 98.8 MPH)
|
|
Batting: RHB Elliott Pye
|
0-0: Called Strike 0-1: Called Strike Pickoff Throw to First - Out! 1-3 0-2: Ball 1-2: Strikes out swinging
|
| Top of the 7th over - 0 runs, 1 hit, 0 errors, 0 left on base; University of Florida 0 - University of Miami 0 |
| BOTTOM OF THE 7TH |
|
University of Miami Hurricanes batting - Pitching for University of Florida Gators : RHP Justin Alvarado
|
|
Batting: SHB Taylor Shelton
|
0-0: Ball 1-0: Called Strike 1-1: DOUBLE (Line Drive, 78XD, EV 98.1 MPH)
|
|
Batting: RHB Sam Costello
|
0-0: Ball 1-0: Bunt missed! 1-1: Sac Bunt to 2L - play at first, batter OUT! 2-4 Taylor Shelton to third
|
|
Batting: RHB Drew Morgenstern
|
0-0: Intentional Walk
|
|
Batting: LHB Jose Lopez
|
0-0: Ball 1-0: Swinging Strike 1-1: Called Strike Drew Morgenstern steals 2nd base 1-2: SINGLE (Groundball, 34, EV 101.2 MPH) Taylor Shelton scores Drew Morgenstern to third
|
|
Batting: RHB Justin Jackson
|
0-0: Ball 1-0: Fly out, F7 (Flyball, 7D, EV 91.2 MPH) Runner from 3rd tags up, SCORES, no throw by LF
|
|
Pinch Hitting: LHB Addergoole Kartosuwiryo
|
0-0: Ground out 4-3 (Groundball, 4, EV 85.0 MPH)
|
| Bottom of the 7th over - 2 runs, 2 hits, 0 errors, 1 left on base; University of Florida 0 - University of Miami 2 |
| TOP OF THE 8TH |
|
University of Florida Gators batting - Pitching for University of Miami Hurricanes : RHP Wakina Olopoto
|
|
Now at 3B: Addergoole Kartosuwiryo
|
|
|
Batting: RHB Gong-sun Law
|
0-0: Ball 1-0: Swinging Strike 1-1: Swinging Strike 1-2: Foul Ball, location: 2F 1-2: Ground out 5-3 (Groundball, 5L, EV 100.6 MPH)
|
|
Batting: RHB Juan Lopez
|
0-0: Ball 1-0: Ball 2-0: Fly out, F9 (Flyball, 9, EV 83.8 MPH)
|
|
Batting: SHB Nathan Clement
|
0-0: Fly out, F7 (Flyball, 7D, EV 79.4 MPH)
|
| Top of the 8th over - 0 runs, 0 hits, 0 errors, 0 left on base; University of Florida 0 - University of Miami 2 |
| BOTTOM OF THE 8TH |
|
University of Miami Hurricanes batting - Pitching for University of Florida Gators : RHP Justin Alvarado
|
|
Batting: RHB C.J. Fleet
|
0-0: Swinging Strike 0-1: Foul Ball, location: 2F 0-2: Ball 1-2: Ball 2-2: Ball 3-2: Foul Ball, location: 2F 3-2: Strikes out looking
|
|
Batting: RHB Burke Miller
|
0-0: Fly out, F5 (Line Drive, 5, EV 68.8 MPH)
|
|
Batting: RHB Chris Zubia
|
0-0: Called Strike 0-1: Ball 1-1: Ball 2-1: Ball 3-1: Base on Balls
|
|
Batting: SHB Taylor Shelton
|
0-0: Ground out U3 (Groundball, 23, EV 80.6 MPH)
|
| Bottom of the 8th over - 0 runs, 0 hits, 0 errors, 1 left on base; University of Florida 0 - University of Miami 2 |
| TOP OF THE 9TH |
|
University of Florida Gators batting - Pitching for University of Miami Hurricanes : RHP Wakina Olopoto
|
|
Pitching: RHP Artemio Santiago
|
|
|
Batting: LHB Terry Bayer
|
0-0: Ground out U3 (Groundball, 3, EV 84.4 MPH)
|
|
Batting: RHB Marco Morales
|
0-0: Ball 1-0: SINGLE (Line Drive, 4D, EV 97.5 MPH)
|
|
Pinch Hitting: LHB Dave Newsome
|
0-0: Ball 1-0: Fly out, F7 (Flyball, 78D, EV 79.4 MPH)
|
|
Batting: SHB Pat Justice
|
0-0: Fielders Choice at 2nd, 5-4 (Groundball, 5, EV 79.4 MPH)
|
| Top of the 9th over - 0 runs, 1 hit, 0 errors, 1 left on base; University of Florida 0 - University of Miami 2 |
|